 Dungeon Crawl Stone Soup version 0.31-a0-1110-gab2881137f (webtiles) character file.

Game seed: 10448892107563379646

3039 Rawrzzor the Grappler (level 9, -2/68 HPs)
             Began as a Gnoll Shapeshifter on Dec 3, 2023.
             Slain by a two-headed ogre
             ... wielding a +0 dire flail
              (15 damage)
             ... on level 8 of the Dungeon.
             The game lasted 00:26:10 (7311 turns).

Rawrzzor the Grappler (Gnoll Shapeshifter)          Turns: 7311, Time: 00:26:11

Health: -2/68      AC: 15    Str: 17    XL:     9   Next: 86%
Magic:  25/25      EV: 13    Int:  8    God:
Gold:   160        SH:  0    Dex: 13    Spells: 8/17 levels left

rFire   + .          .
                       - Unarmed
rCold   x . .        (shield currently unavailable)
rNeg    + . .        y - +1 ring mail {rPois}
rPois   +            v - +0 helmet
rElec   .            i - +2 ratskin cloak {*Rats rPois rN+ Str-1 Int-1 Dex+1}
rCorr   .            G - +0 pair of gloves
SInv    .            n - +2 pair of boots
Will    .....        (no amulet)
Stlth   +            p - ring of fire
HPRegen 0.31/turn    r - ring of magical power
MPRegen 0.19/turn

%: no passive effects
@: confused, brilliant, flux-form, ambrosia-drunk, glowing
A: glow, contaminating, fangs 1, strong nose, distributed training
a: Begin Untransformation


You were on level 8 of the Dungeon.
You were something dangerously unstable.
You visited 1 branch of the dungeon, and saw 8 of its levels.

You collected 472 gold pieces.
You spent 312 gold pieces at shops.

Inventory:

Hand Weapons
 N - the +1 dagger "Killer Klown's Bane" {heavy, rN+}
   (You found it on level 7 of the Dungeon)

   rN+:       It protects you from negative energy.
Armour
 a - a +0 animal skin
 i - the +2 ratskin cloak (worn) {*Rats rPois rN+ Str-1 Int-1 Dex+1}
   (You found it on level 3 of the Dungeon)

   *Rats:     When the wearer is hurt, rats may emerge from it to assist them.
   Str-1:     It affects your strength (-1).
   Int-1:     It affects your intelligence (-1).
   Dex+1:     It affects your dexterity (+1).
   rPois:     It protects you from poison rN+: It protects you from negative
   energy.
 n - a +2 pair of boots (worn)
 s - a +2 buckler
 v - a +0 helmet (worn)
 y - a +1 ring mail of poison resistance (worn)
 G - a +0 pair of gloves (worn)
Jewellery
 p - a ring of fire (left hand)
 r - a ring of magical power (right hand)
 J - a ring of flight
 M - a +4 ring of protection
 P - a +4 ring of protection
Talismans
 c - a beast talisman
 d - a flux talisman (active)
 l - a flux talisman (active)
 A - a beast talisman
 I - a blade talisman
Wands
 j - a wand of acid (29)
 k - a wand of roots (13)
 L - a wand of flame (35)
Scrolls
 e - 2 scrolls of blinking {unknown}
 g - 4 scrolls of identify {unknown}
 o - 3 scrolls of teleportation {unknown}
 q - 3 scrolls of immolation {unknown}
 t - 2 scrolls of fear {unknown}
 u - a scroll of vulnerability {unknown}
 B - a scroll of torment {unknown}
 F - a scroll of butterflies {unknown}
 H - 2 scrolls of amnesia {unknown}
Potions
 b - a potion of lignification
 f - a potion of cancellation {unknown}
 h - a potion of berserk rage {unknown}
 m - a potion of attraction {unknown}
 w - 2 potions of curing
 x - a potion of mutation {unknown}
 z - a potion of heal wounds {unknown}
 C - a potion of ambrosia
 D - 2 potions of brilliance
 E - a potion of experience {unknown}
 K - 2 potions of magic {unknown}
 O - a potion of enlightenment {unknown}


   Skills:
 + Level 5.4 Fighting
 + Level 4.7 Short Blades
 + Level 4.7 Long Blades
 + Level 4.7 Axes
 + Level 4.7 Maces & Flails
 + Level 4.7 Polearms
 + Level 4.7 Staves
 + Level 4.7 Ranged Weapons
 + Level 4.7 Throwing
 + Level 4.7 Armour
 + Level 6.6 Dodging
 + Level 4.7 Stealth
 + Level 4.7 Shields
 + Level 8.2 Unarmed Combat
 + Level 4.7 Spellcasting
 + Level 3.9 Conjurations
 + Level 3.9 Hexes
 + Level 3.9 Summonings
 + Level 3.9 Necromancy
 + Level 3.9 Translocations
 + Level 3.9 Transmutations
 + Level 3.9 Fire Magic
 + Level 3.9 Ice Magic
 + Level 3.9 Air Magic
 + Level 3.9 Earth Magic
 + Level 3.9 Poison Magic
 + Level 5.2 Invocations
 + Level 4.7 Evocations
 + Level 7.9 Shapeshifting


You had 8 spell levels left.
You knew the following spells:

 Your Spells              Type           Power      Damage    Failure   Level
a - Blink                 Tloc           24%        N/A       14%         2
b - Momentum Strike       Conj/Tloc      24%        3d8       14%         2
c - Sting                 Tmut/Pois      48%        1d5       10%         1
d - Animate Dead          Necr           12%        N/A       67%         4

Your spell library contained the following spells:

 Spells                   Type           Power      Damage    Failure   Level
 Apportation              Tloc           24%        N/A       10%         1
 Jinxbite                 Hex            24%        N/A       14%         2
 Lesser Beckoning         Tloc           24%        N/A       14%         2
 Poisonous Vapours        Pois/Air       24%        N/A       14%         2
 Alistair's Intoxication  Tmut/Pois      8%         N/A       95%         5
 Eringya's Noxious Bog    Tmut/Pois      6%         4d6       100%        6
 Haunt                    Necr/Summ      6%         N/A       100%        7
 Infestation              Necr           6%         N/A       100%        8


Dungeon Overview and Level Annotations

Branches:
Dungeon (8/15)             Temple (0/1) D:4
   Lair: D:8-11

Altars:
Cheibriados
Dithmenos
Gozag
Zin

Shops:
D:7 *


Innate Abilities, Weirdness & Mutations

You are something dangerously unstable.
You glow with magical radiation, making you easy to see and hit.
Foes you strike become dangerously contaminated with magical radiation.
You are incapable of wielding weapons or throwing items.
You have very sharp teeth.
Your uncanny sense of smell can sniff out nearby items.
Your experience applies equally to all skills.


Message History

There is an open door here.
Found a scroll labelled YPHAMM NACYX.
Found 15 gold pieces.
The sky beast flickers out of sight!
Deactivating autopickup; reactivate with Ctrl-A.
A sky beast appears from thin air!
Reactivating autopickup.
You see here a scroll labelled YPHAMM NACYX.
You open the door.
There is an open door here.
The two-headed ogre attacks as it pursues you!
The two-headed ogre closely misses you. x2
You open the door. The two-headed ogre barely misses you.
The two-headed ogre misses you.
There is an open door here.
You open the door.
The two-headed ogre attacks as it pursues you!
The two-headed ogre hits you with a +0 dire flail.
The two-headed ogre hits you with a +0 giant spiked club!
* * * LOW HITPOINT WARNING * * *
There is an open door, spattered with blood here.
The two-headed ogre attacks as it pursues you!
The two-headed ogre barely misses you.
The two-headed ogre hits you but does no damage.
It was a potion of brilliance.
You feel clever all of a sudden.
It was a potion of ambrosia.
You are confused.
You feel invigorated. The two-headed ogre barely misses you.
The two-headed ogre closely misses you.
The sky beast flickers out of sight!
Deactivating autopickup; reactivate with Ctrl-A.
Something hits you but does no damage.
The two-headed ogre hits you with a +0 dire flail!!
* * * LOW HITPOINT WARNING * * *
The two-headed ogre closely misses you.
You bump into the rock wall.
Something hits you but does no damage.
You're too confused to move!
The two-headed ogre hits you with a +0 dire flail.
* * * LOW HITPOINT WARNING * * *
The two-headed ogre hits you with a +0 giant spiked club!
You die...

.#.......#........
.#.......#.....#
.#.......'.....+
.#...##..#.....#
∆#...##'##.....# ..
###......#.....# ..#
.##......'.....######...#
..#......#.....#.........
..'......#.....#p........
.##..##..#.....#.O.......
. #..##..#.....#'#####..#
. #..#...+.....#...### #
. #..#...#.....#.....# .
#..##..#.....#.....+ .
#..#####....Y#'##### .
.... #.....#....### ....
#...$.#......#


You could see a two-headed ogre.

Vanquished Creatures
  The ghost of nitefall the Basher, a novice MiBe of Trog (D:5)
  A hornet (D:8)
  Sigmund (D:5)
  A wyvern (D:6)
  The ghost of blanketernal the Twirler, an amateur MiGl (D:3)
  An orc warrior (D:6)
  A black bear (D:6)
  3 ogres
  2 centaurs
  A phantom (D:6)
  A kobold brigand (D:7)
  A bullfrog (D:7)
  5 scorpions
  A howler monkey (D:7)
  2 jellies
  An orc priest (D:4)
  2 orc wizards
  An iguana (D:5)
  3 gnolls (D:2)
  10 adders
  3 worms
  2 dart slugs
  16 orcs
  5 bats
  9 endoplasms
  4 giant cockroaches
  15 goblins
  9 hobgoblins
  A jackal (D:1)
  2 quokkas (D:1)
  5 ball pythons
  4 frilled lizards
  9 kobolds
  4 rats
128 creatures vanquished.

Vanquished Creatures (collateral kills)
  A gargoyle (D:5)
  A water moccasin (D:7)
  A jelly (D:4)
  An orc (D:3)
4 creatures vanquished.

Vanquished Creatures (others)
  2 orcs (D:3)
2 creatures vanquished.

Grand Total: 134 creatures vanquished

Notes
Turn   | Place    | Note
-------+----------+-------------------------------------------
     0 | D:1      | Rawrzzor the Gnoll Shapeshifter began the quest for the
                  | Orb.
     0 | D:1      | Reached XP level 1. HP: 17/17 MP: 1/1
   237 | D:1      | Reached XP level 2. HP: 12/23 MP: 2/2
   674 | D:1      | Reached XP level 3. HP: 25/28 MP: 3/3
   986 | D:2      | Reached skill level 1 in Invocations
   996 | D:2      | Reached skill level 1 in Short Blades
   996 | D:2      | Reached skill level 1 in Long Blades
   996 | D:2      | Reached skill level 1 in Axes
   996 | D:2      | Reached skill level 1 in Maces & Flails
   996 | D:2      | Reached skill level 1 in Polearms
   996 | D:2      | Reached skill level 1 in Staves
   996 | D:2      | Reached skill level 1 in Ranged Weapons
   996 | D:2      | Reached skill level 1 in Throwing
   996 | D:2      | Reached skill level 1 in Armour
   996 | D:2      | Reached skill level 1 in Stealth
   996 | D:2      | Reached skill level 1 in Shields
   996 | D:2      | Reached skill level 1 in Spellcasting
   996 | D:2      | Reached skill level 1 in Evocations
  1000 | D:2      | Reached XP level 4. HP: 17/34 MP: 5/5
  1218 | D:2      | Reached skill level 1 in Conjurations
  1218 | D:2      | Reached skill level 1 in Hexes
  1218 | D:2      | Reached skill level 1 in Summonings
  1218 | D:2      | Reached skill level 1 in Necromancy
  1218 | D:2      | Reached skill level 1 in Translocations
  1218 | D:2      | Reached skill level 1 in Transmutations
  1218 | D:2      | Reached skill level 1 in Fire Magic
  1218 | D:2      | Reached skill level 1 in Ice Magic
  1218 | D:2      | Reached skill level 1 in Air Magic
  1218 | D:2      | Reached skill level 1 in Earth Magic
  1218 | D:2      | Reached skill level 1 in Poison Magic
  1550 | D:2      | Learned a level 2 spell: Blink
  1553 | D:2      | Learned a level 2 spell: Momentum Strike
  1952 | D:3      | Found a runed translucent door.
  1952 | D:3      | Noticed blanketernal's ghost (amateur MiGl)
  1969 | D:3      | Reached XP level 5. HP: 29/40 MP: 7/7
  1981 | D:3      | Killed blanketernal's ghost
  1982 | D:3      | Reached XP level 6. HP: 16/47 MP: 8/8
  2204 | D:3      | Reached skill level 5 in Dodging
  2334 | D:3      | Found the +2 ratskin cloak {*Rats rPois rN+ Str-1 Int-1
                  | Dex+1}
  2857 | D:3      | Found a snail-covered altar of Cheibriados.
  3102 | D:4      | Found a staircase to the Ecumenical Temple.
  3129 | D:4      | Reached XP level 7. HP: 40/52 MP: 10/10
  3156 | D:4      | Reached skill level 7 in Unarmed Combat
  3724 | D:5      | Entered Level 5 of the Dungeon
  3919 | D:5      | Found a glowing silver altar of Zin.
  3920 | D:5      | Noticed an angel
  4157 | D:5      | Found a runed translucent gate.
  4158 | D:5      | Found a runed translucent gate.
  4159 | D:5      | Found a runed translucent gate.
  4160 | D:5      | Noticed nitefall's ghost (novice MiBe)
  4180 | D:5      | Killed nitefall's ghost
  4181 | D:5      | Reached XP level 8. HP: 37/60 MP: 13/13
  4482 | D:5      | Noticed a gargoyle
  4498 | D:5      | Killed a gargoyle
  4506 | D:5      | HP: 1/61 [electric eel/bolt of electricity (5)]
  5088 | D:5      | Noticed Sigmund
  5098 | D:5      | Killed Sigmund
  5099 | D:5      | Reached XP level 9. HP: 65/66 MP: 14/14
  5744 | D:6      | Reached skill level 5 in Fighting
  6202 | D:7      | Identified the +1 dagger "Killer Klown's Bane" {heavy, rN+}
  6279 | D:7      | Reached skill level 8 in Unarmed Combat
  6384 | D:7      | Reached skill level 5 in Invocations
  6505 | D:7      | Found Zocvarph's Serpentskin Sales.
  6514 | D:7      | Bought Eroiph's Omnibus of Poisoning for 312 gold pieces
  6516 | D:7      | Learned a level 1 spell: Sting
  6521 | D:7      | Learned a level 4 spell: Animate Dead
  6727 | D:8      | Noticed a hornet
  6742 | D:8      | Killed a hornet
  6813 | D:8      | Found an opulent altar of Gozag.
  6821 | D:8      | Found a shadowy altar of Dithmenos.
  6874 | D:8      | Noticed a two-headed ogre
  6876 | D:8      | Noticed a two-headed ogre
  7269 | D:8      | Noticed a two-headed ogre
  7311 | D:8      | Slain by a two-headed ogre

Illustrated notes

Levels and vault maps discovered:
D:1:      mrwooster_arrival_arrow, layout_basic, minmay_three_crescents
D:2:      layout_loops_cross
D:3:      layout_basic, kennysheep_slug_shrine, ebering_ghost_sewer_d,
          chequers_serial_rivers_micro_a, minmay_ogre_servants
D:4:      layout_basic, minmay_temple_entry_ruins
D:5:      cheibrodos_two_vegetables, layout_basic, zin_angel,
          ebering_ghost_rock_garden, uniq_sigmund
D:6:      layout_cave_pods
D:7:      layout_cave_pools, guppyfry_shop_venom
D:8:      layout_gridville, minitemple, uniq_pikel

Skill      XL: |  1  2  3  4  5  6  7  8  9 |
---------------+----------------------------+-----
Invocations    | 1 2 3 4 5 |  5.2
Short Blades   | 1 2 3 4 |  4.7
Long Blades    | 1 2 3 4 |  4.7
Axes           | 1 2 3 4 |  4.7
Maces & Flails | 1 2 3 4 |  4.7
Polearms       | 1 2 3 4 |  4.7
Staves         | 1 2 3 4 |  4.7
Ranged Weapons | 1 2 3 4 |  4.7
Throwing       | 1 2 3 4 |  4.7
Armour         | 1 2 3 4 |  4.7
Stealth        | 1 2 3 4 |  4.7
Shields        | 1 2 3 4 |  4.7
Spellcasting   | 1 2 3 4 |  4.7
Evocations     | 1 2 3 4 |  4.7
Conjurations   | 1 2 3 |  3.9
Hexes          | 1 2 3 |  3.9
Summonings     | 1 2 3 |  3.9
Necromancy     | 1 2 3 |  3.9
Translocations | 1 2 3 |  3.9
Transmutations | 1 2 3 |  3.9
Fire Magic     | 1 2 3 |  3.9
Ice Magic      | 1 2 3 |  3.9
Air Magic      | 1 2 3 |  3.9
Earth Magic    | 1 2 3 |  3.9
Poison Magic   | 1 2 3 |  3.9
Fighting       | 3 4 5 |  5.4
Dodging        | 5 6 |  6.6
Unarmed Combat | 7 8 |  8.2
Shapeshifting  | 7 |  7.9

Action                     |  1- 3 |  4- 6 |  7- 9 || total
---------------------------+-------+-------+-------++-------
  Melee: Unarmed           |    81 |   152 |   225 ||   458
         Bite              |     4 |    21 |    29 ||    54
   Cast: Blink             |       |     1 |     1 ||     2
         Sting             |       |       |     1 ||     1
    Use: Potion            |       |     2 |     5 ||     7
   Stab: Sleeping          |       |     1 |       ||     1
         Distracted        |       |       |     1 ||     1
 Armour: Animal skin       |    35 |    67 |    21 ||   123
         Ring mail         |       |       |   137 ||   137
  Dodge: Dodged            |    49 |    82 |   150 ||   281
   Form: Flux              |     1 |       |       ||     1

Table legend: (Time is in decaauts)
 A = Elapsed time spent in this place.
 B = Non-inter-level travel time spent in this place.
 C = Inter-level travel time spent in this place.
 D = Time resting spent in this place.
 E = Time spent auto-exploring this place.
 F = Levels seen in this place.
 G = Mean time per level.
                   A        B        C        D        E       F      G
               +--------+--------+--------+--------+--------+-----+--------+
         Total |   7234 |   7234 |      0 |    955 |   4092 |   8 |  904.2 |
       Dungeon |   7234 |   7234 |      0 |    955 |   4092 |   8 |  904.2 |
               +--------+--------+--------+--------+--------+-----+--------+

Top non-repeatable levels by time:
     D:5: 1499 daAuts
     D:3: 1098 daAuts
     D:2: 998 daAuts
     D:7: 897 daAuts
     D:1: 889 daAuts
     D:6: 843 daAuts
     D:4: 729 daAuts
     D:8: 277 daAuts
